 Dungeon Crawl Stone Soup version 0.28-a0-1624-g820543e53a (webtiles) character file.

Game seed: 8923193225466988644

497 HallandMoats the Skirmisher (level 7, -2/61 HPs)
             Began as a Ghoul Fighter on Jan 24, 2022.
             Slain by Pikel (3 damage)
             ... on level 4 of the Dungeon.
             The game lasted 00:04:03 (3760 turns).

HallandMoats the Skirmisher (Ghoul Fighter)         Turns: 3760, Time: 00:04:03

Health: -2/61      AC:  8    Str: 20      XL:     7   Next: 15%
Magic:  6/6        EV:  9    Int:  3      God:
Gold:   119        SH:  4    Dex:  9 (10) Spells: 6/6 levels left

rFire   . . .      SeeInvis .   b - +2 hand axe (venom)
rCold   + + .      Faith    .   c - +0 buckler
rNeg    + + +      Spirit   .   l - +0 scale mail
rPois   ∞          Reflect  .   o - +0 helmet
rElec   .          Harm     .   (no cloak)
rCorr   .          Rampage  .   (no gloves)
Will    .....                   (no boots)
Stlth   ..........              (no amulet)
HPRegen 0.00/turn               r - ring of protection from cold
MPRegen 0.10/turn               (no ring)

@: brilliant, attractive, inhibited regen, studying Conjurations
A: claws 1, cold resistance 1, negative energy resistance 3, inhibited
regeneration, torment resistance 2
a: no special abilities


You were on level 4 of the Dungeon.
You visited 1 branch of the dungeon, and saw 4 of its levels.

You collected 119 gold pieces.

Inventory:

Hand Weapons
 a - a +0 spear
 b - a +2 hand axe of venom (weapon)
Armour
 c - a +0 buckler (worn)
 l - a +0 scale mail (worn)
 o - a +0 helmet (worn)
Jewellery
 r - a ring of protection from cold (left claw)
Scrolls
 e - 4 scrolls of identify {unknown}
 h - a scroll of enchant weapon {unknown}
 i - a scroll of fear {unknown}
 j - 2 scrolls of enchant armour {unknown}
 n - a scroll of noise {unknown}
 p - a scroll of blinking {unknown}
Potions
 d - 2 potions of might
 f - a potion of attraction
 m - a potion of brilliance
 q - a potion of lignification {unknown}


   Skills:
 * Level 5.4 Fighting
 * Level 4.0 Polearms
 + Level 3.6 Armour
 + Level 2.0 Dodging
 + Level 3.6 Shields


You had 6 spell levels left.
You didn't know any spells.
Your spell library contained the following spells:

 Spells                   Type           Power      Damage    Failure   Level
 Blink                    Tloc           0%         N/A       98%         2
 Lesser Beckoning         Tloc           0%         N/A       100%        3
 Manifold Assault         Tloc           0%         N/A       100%        5


Dungeon Overview and Level Annotations

Branches:
Dungeon (4/15)
 Temple: D:4-7

Altars:
Elyvilon
Yredelemnul

Annotations:
D:2 1 runed translucent door, Crazy Yiuf
D:4 Pikel


Innate Abilities, Weirdness & Mutations

You thrive by killing the living.
You are immune to poison.
You have sharp fingernails.
Your flesh is cold resistant. (rC+)
You are immune to negative energy. (rN+++)
You do not regenerate when monsters are visible.
You are immune to unholy pain and torment.


Message History

The lemure is heavily wounded.
Pikel says, "Hell isn't that bad."
You miss Pikel.
Pikel is moderately wounded.
You hit Pikel but do no damage.
Pikel is poisoned.
Pikel is moderately wounded.
Pikel hits you with a +0 whip of flaming.
* * * LOW HITPOINT WARNING * * *
Pikel burns you.
* * * LOW HITPOINT WARNING * * *
You closely miss Pikel.
Pikel is moderately wounded.
You hit the hound skeleton. Pikel barely misses you.
The hound skeleton barely misses you.
Pikel hits you with a +0 whip of flaming.
* * * LOW HITPOINT WARNING * * *
Pikel burns you.
* * * LOW HITPOINT WARNING * * *
The hound skeleton barely misses you.
The hound skeleton bites you but does no damage.
You block the hound skeleton's attack. The hound skeleton barely misses you.
The lemure hits you.
* * * LOW HITPOINT WARNING * * *
Pikel looks more healthy.
It was a potion of attraction.
You feel attractive to monsters. The lemure hits you.
* * * LOW HITPOINT WARNING * * *
Pikel is attracted toward you. The lemure is attracted toward you.
It was a potion of brilliance.
You feel clever all of a sudden.
Pikel says, "You'll feel the lick of my whip!"
It was a potion of mutation.
You feel extremely strange.
Your body decomposes!
You feel clumsy.
It was a potion of curing.
You feel better.
Pikel hits you with a +0 whip of flaming!
* * * LOW HITPOINT WARNING * * *
Pikel burns you.
You die...

..............# #.#..#
.............[# #.#..#
..............# #.#..#
#########.Z5..# #.####
#...K### #.# ######....#
#.# #....#....# #.#
#....#....#############.#
#....'....Z55K@.........#
#....#....###############
###.##....# #.........###
#...........#
#.....##....#
#.....##....#
#.....##....#
###'#.......#


You could see Pikel, 2 lemures and a hound skeleton.

Vanquished Creatures
  2 lemures (D:4)
  Blork the orc (D:4)
  2 scorpions (D:4)
  An iguana (D:4)
  Natasha (thrice) (D:2)
  A killer bee zombie (D:4)
  A hound skeleton (D:4)
  Robin (D:3)
  6 adders
  An ufetubus (D:3)
  A worm (D:3)
  2 dart slugs
  4 orcs (D:3)
  4 endoplasms
  3 giant cockroaches
  14 hobgoblins
  12 jackals
  2 quokkas
  4 ball pythons
  6 bats
  7 frilled lizards
  17 goblins
  5 kobolds
  3 rats
103 creatures vanquished.

Notes
Turn   | Place    | Note
-------+----------+-------------------------------------------
     0 | D:1      | HallandMoats the Ghoul Fighter began the quest for the Orb.
     0 | D:1      | Reached XP level 1. HP: 19/19 MP: 0/0
   184 | D:1      | Reached XP level 2. HP: 25/26 MP: 1/1
   559 | D:1      | Reached XP level 3. HP: 32/33 MP: 2/2
  1259 | D:2      | Reached skill level 4 in Fighting
  1312 | D:2      | Found a runed translucent door.
  1313 | D:2      | Noticed Crazy Yiuf
  1443 | D:2      | Reached XP level 4. HP: 40/40 MP: 3/3
  1557 | D:2      | Noticed Natasha
  1568 | D:2      | Killed Natasha
  1569 | D:2      | Reached skill level 1 in Dodging
  1591 | D:2      | Noticed Natasha
  1599 | D:2      | Killed Natasha
  1708 | D:2      | Noticed Natasha
  1718 | D:2      | Killed Natasha
  1719 | D:2      | Reached XP level 5. HP: 5/47 MP: 4/4
  2308 | D:3      | Found a faded altar of an unknown god.
  2319 | D:3      | Noticed Robin
  2356 | D:3      | Killed Robin
  2572 | D:3      | Reached XP level 6. HP: 51/53 MP: 5/5
  3122 | D:4      | Reached skill level 5 in Fighting
  3217 | D:4      | Found a basalt altar of Yredelemnul.
  3702 | D:4      | Noticed Blork the orc
  3703 | D:4      | Noticed Pikel
  3717 | D:4      | Killed Blork the orc
  3718 | D:4      | Reached XP level 7. HP: 32/61 MP: 6/6
  3757 | D:4      | HP: 1/61 [lemure[Pikel] (3)]
  3760 | D:4      | Slain by Pikel

Illustrated notes

Levels and vault maps discovered:
D:1:      elethiomel_arrival_infinity_welcomes_careful_drivers,
          layout_loops_ring
D:2:      layout_loops_ring, uniq_natasha, uniq_crazy_yiuf_cottage
D:3:      layout_loops_cross, mainiacjoe_overflow_brackets,
          hellmonk_ecumenical_altar_leap_of_faith, uniq_robin
D:4:      layout_basic, lemuel_doored_altar, uniq_blork_the_orc, uniq_pikel

Skill      XL: |  1  2  3  4  5  6 |
---------------+-------------------+-----
Polearms       | 2 3 4 |  4.0
Fighting       | 4 5 |  5.4
Shields        | 3 |  3.6
Armour         | 3 |  3.6
Dodging        | 1 2 |  2.0

Action                   |  1- 3 |  4- 6 |  7- 9 || total
-------------------------+-------+-------+-------++-------
Melee: Trident           |   142 |    66 |       ||   208
       Hand axe          |       |   135 |    13 ||   148
  Use: Potion            |       |       |     4 ||     4
Armor: Scale mail        |    46 |   108 |     5 ||   159
Dodge: Dodged            |    49 |   101 |    15 ||   165
Block: Buckler           |    26 |    42 |     5 ||    73

Table legend: (Time is in decaauts)
 A = Elapsed time spent in this place.
 B = Non-inter-level travel time spent in this place.
 C = Inter-level travel time spent in this place.
 D = Time resting spent in this place.
 E = Time spent auto-exploring this place.
 F = Levels seen in this place.
 G = Mean time per level.
                   A        B        C        D        E       F      G
               +--------+--------+--------+--------+--------+-----+--------+
         Total |   3838 |   3750 |     88 |      0 |   3035 |   4 |  959.5 |
       Dungeon |   3838 |   3750 |     88 |      0 |   3035 |   4 |  959.5 |
               +--------+--------+--------+--------+--------+-----+--------+

Top non-repeatable levels by time:
     D:2: 1090 daAuts
     D:1: 997 daAuts
     D:3: 894 daAuts
     D:4: 855 daAuts
